 Dungeon Crawl Stone Soup version 0.29-a0-492-g10b964d8d7 (webtiles) character file.

Game seed: 9611786599642616897

284 Bruhh the Magician (level 5, -7/38 HPs)
             Began as a Demigod Air Elementalist on May 27, 2022.
             Mangled by Crazy Yiuf
             ... wielding a +3 quarterstaff of chaos
              (10 damage)
             ... on level 4 of the Dungeon.
             The game lasted 00:04:50 (4694 turns).

Bruhh the Magician (Demigod Air Elementalist)       Turns: 4694, Time: 00:04:51

Health: -7/38      AC:  4    Str:  9    XL:     5   Next: 78%
Magic:  8/14       EV: 12    Int: 21    God:
Gold:   256        SH:  0    Dex: 14    Spells: 9/12 levels left

rFire   . . .      SeeInvis .   (no weapon)
rCold   . . .      Faith    .   (no shield)
rNeg    . . .      Spirit   .   a - +0 robe
rPois   .          Reflect  .   (no helmet)
rElec   .          Harm     .   (no cloak)
rCorr   .          Rampage  .   k - +1 pair of gloves
Will    .....                   (no boots)
Stlth   ++........              (no amulet)
HPRegen 0.12/turn               (no ring)
MPRegen 0.14/turn               (no ring)

@: no status effects
A: high MP 1, forlorn, divine attributes
a: no special abilities


You were on level 4 of the Dungeon.
You visited 1 branch of the dungeon, and saw 4 of its levels.

You collected 256 gold pieces.

Inventory:

Armour
 a - a +0 robe (worn)
 k - a +1 pair of gloves (worn)
Scrolls
 c - 2 scrolls of amnesia {unknown}
 d - 6 scrolls of identify {unknown}
 f - 2 scrolls of fear {unknown}
 h - 2 scrolls of blinking {unknown}
 j - 2 scrolls of torment {unknown}
 l - a scroll of vulnerability {unknown}
 m - a scroll of enchant armour {unknown}
 n - a scroll of immolation {unknown}
 p - a scroll of magic mapping {unknown}
 r - a scroll of poison {unknown}
 s - a scroll of enchant weapon {unknown}
Potions
 b - a potion of magic
 e - 2 potions of cancellation {unknown}
 g - 3 potions of curing {unknown}
 i - a potion of haste {unknown}
 o - a potion of invisibility {unknown}
 q - a potion of lignification {unknown}


   Skills:
 - Level 1.7 Dodging
 - Level 1.7 Stealth
 - Level 4.0 Spellcasting
 + Level 3.9 Conjurations
 - Level 2.6 Air Magic


You had 9 spell levels left.
You knew the following spells:

 Your Spells              Type           Power      Damage    Failure   Level
a - Shock                 Conj/Air       72%        1d7       3%          1
b - Static Discharge      Conj/Air       18%        N/A       4%          2

Your spell library contained the following spells:

 Spells                   Type           Power      Damage    Failure   Level
 Foxfire                  Conj/Fire      48%        2x1d6     5%          1
 Summon Small Mammal      Summ           16%        N/A       12%         1
 Swiftness                Air            15%        N/A       12%         3
 Conjure Flame            Conj/Fire      12%        6-21      16%         3
 Call Canine Familiar     Summ           4%         N/A       34%         3
 Gell's Gravitas          Tloc           4%         N/A       34%         3
 Inner Flame              Hex/Fire       4%         N/A       34%         3
 Summon Guardian Golem    Hex/Summ       4%         N/A       34%         3
 Teleport Other           Tloc           4%         N/A       34%         3
 Airstrike                Air            7%         N/A       36%         4
 Flame Wave               Conj/Fire      12%        2d6       47%         4
 Dispersal                Tloc           2%         N/A       100%        6


Dungeon Overview and Level Annotations

Branches:
Dungeon (4/15)
 Temple: D:4-7

Annotations:
D:4 Crazy Yiuf


Innate Abilities, Weirdness & Mutations

You have an increased reservoir of magic. (+10% MP)
You shall have no god before yourself.
Your divine heritage dramatically boosts your attributes as you level up.


Message History

The iguana hisses menacingly.
The iguana barely misses you.
An iguana is nearby!
An iguana is nearby!
An iguana is nearby!
The zap hits the iguana!
You kill the iguana!
You can't see any susceptible monsters within range! (Use Z to cast anyway.)
There is a stone staircase leading up here.
There is an open door here.
Could not explore, unopened runed door.
Could not explore, unopened runed door.
Could not explore, unopened runed door.
You open the door.
Crazy Yiuf shouts!
Casting: Shock (safe; 3% risk of failure)
Confirm with . or Enter, or press ? or * to list all spells.
Crazy Yiuf is struck by an arc of lightning.
Crazy Yiuf is moderately wounded.
You are struck by an arc of lightning.
The lightning grounds out.
Crazy Yiuf hits you with a +3 quarterstaff of chaos!
You are electrocuted!
Casting: Static Discharge (safe; 4% risk of failure)
Confirm with . or Enter, or press ? or * to list all spells.
Crazy Yiuf is struck by an arc of lightning.
Crazy Yiuf is heavily wounded.
The lightning grounds out.
Crazy Yiuf hits you with a +3 quarterstaff of chaos!
* * * LOW HITPOINT WARNING * * *
Space warps around you.
* * * LOW HITPOINT WARNING * * *
Casting: Static Discharge (safe; 4% risk of failure)
Confirm with . or Enter, or press ? or * to list all spells.
Crazy Yiuf is struck by an arc of lightning.
Crazy Yiuf is severely wounded.
You are struck by an arc of lightning.
* * * LOW HITPOINT WARNING * * *
The lightning grounds out.
Crazy Yiuf hits you with a +3 quarterstaff of chaos!
You die...

#.# #....#
#........>#
#.# ###
#'..+#
#..###.####
#.######.#
♣..P.♣ #..#
#.#####
#........#
♣.PP♣♣ #..#
#.....#
##########
♣♣.♣♣ #..#
#####.#
♣.♣♣ #..#
#.# ♣♣.♣
#..# #.#
♣.♣♣ ##.#
###.. ♣♣@♣
#.#####....
#g#
#.......###
...
#########
#...# #..)#
#####


You could see Crazy Yiuf.

Vanquished Creatures
  An ogre (D:4)
  An orc priest (D:4)
  A jelly (D:3)
  An iguana (D:4)
  An orc wizard (D:3)
  2 adders
  3 worms
  A dart slug (D:2)
  6 orcs
  7 bats
  9 endoplasms
  4 giant cockroaches
  3 goblins
  3 hobgoblins
  2 quokkas
  8 ball pythons
  2 frilled lizards (D:1)
  A kobold (D:1)
  4 rats
60 creatures vanquished.

Notes
Turn   | Place    | Note
-------+----------+-------------------------------------------
     0 | D:1      | Bruhh the Demigod Air Elementalist began the quest for the
                  | Orb.
     0 | D:1      | Reached XP level 1. HP: 14/14 MP: 5/5
    66 | D:1      | Reached skill level 2 in Spellcasting
   429 | D:1      | Reached XP level 2. HP: 20/20 MP: 6/8
  1565 | D:2      | Identified the +1 chain mail of the Falcon {rF+ Str+4 SInv}
  1617 | D:2      | Reached skill level 3 in Spellcasting
  1752 | D:2      | Reached XP level 3. HP: 24/26 MP: 1/10
  2051 | D:2      | You fall into a shaft and drop 2 floors!
  2066 | D:4      | Learned a level 2 spell: Static Discharge
  2727 | D:3      | Reached XP level 4. HP: 33/33 MP: 8/12
  2735 | D:3      | Reached skill level 1 in Conjurations
  2743 | D:3      | Reached skill level 4 in Spellcasting
  3588 | D:3      | Reached XP level 5. HP: 38/38 MP: 9/14
  4202 | D:4      | Noticed an ogre
  4209 | D:4      | Killed an ogre
  4294 | D:4      | Found a runed translucent door.
  4295 | D:4      | Noticed Crazy Yiuf
  4694 | D:4      | Mangled by Crazy Yiuf

Illustrated notes

Levels and vault maps discovered:
D:1:      nzn_arrival_settlement, layout_basic,
          shapermc_ecumenical_altar_acropolis, dk_noncrumbling_4
D:2:      layout_basic, basic_altar
D:3:      layout_loops_ring, cheibrodos_sewer_entry_sluice
D:4:      layout_loops_ring, trog_three_pillars_becter,
          mainiacjoe_overflow_small_starburst,
          gammafunk_temple_overflow_elements, st_stairs_4,
          uniq_crazy_yiuf_cottage

Skill      XL: |  1  2  3  4  5 |
---------------+----------------+-----
Spellcasting   | 2 3 4 |  4.0
Conjurations   | 2 3 |  3.9
Dodging        | |  1.7
Stealth        | |  1.7
Air Magic      | |  2.6

Action                   |  1- 3 |  4- 6 || total
-------------------------+-------+-------++-------
Melee: Unarmed           |     1 |       ||     1
 Cast: Shock             |   101 |    79 ||   180
       Static Discharge  |       |     5 ||     5
  Use: Potion            |       |     1 ||     1
Armor: Robe              |     4 |       ||     4
Dodge: Dodged            |    21 |     7 ||    28

Table legend: (Time is in decaauts)
 A = Elapsed time spent in this place.
 B = Non-inter-level travel time spent in this place.
 C = Inter-level travel time spent in this place.
 D = Time resting spent in this place.
 E = Time spent auto-exploring this place.
 F = Levels seen in this place.
 G = Mean time per level.
                   A        B        C        D        E       F      G
               +--------+--------+--------+--------+--------+-----+--------+
         Total |   4693 |   4581 |    112 |    770 |   3368 |   4 | 1173.2 |
       Dungeon |   4693 |   4581 |    112 |    770 |   3368 |   4 | 1173.2 |
               +--------+--------+--------+--------+--------+-----+--------+

Top non-repeatable levels by time:
     D:4: 1475 daAuts
     D:1: 1462 daAuts
     D:3: 1166 daAuts
     D:2: 589 daAuts
